 Dungeon Crawl Stone Soup version 0.24.0-1-gfbc8707122 (console) character file.

Game seed: 15658074271630944316, levelgen mode: deterministic

41 AlterAsc the Firebug (level 3, 0/26 HPs)
             Began as a Draconian Fire Elementalist on Oct 26, 2019.
             Slain by a gnoll (6 damage)
             ... on level 1 of the Dungeon.
             The game lasted 00:06:19 (1445 turns).

AlterAsc the Firebug (Draconian Fire Elementalist)  Turns: 1445, Time: 00:06:20

Health: 0/26       AC:  5    Str: 10    XL:     3   Next: 32%
Magic:  1/6        EV: 12    Int: 16    God:
Gold:   71         SH:  0    Dex: 11    Spells: 3/6 levels left

rFire    . . .     SeeInvis .   (no weapon)
rCold    . . .     Gourm    .   (no shield)
rNeg     . . .     Faith    .   (armour unavailable)
rPois    .         Spirit   .   (helmet restricted)
rElec    .         Reflect  .   (no cloak)
rCorr    .         Harm     .   (no gloves)
MR       .....                  (no boots)
Stlth    ++........             (no amulet)
HPRegen  0.08/turn              (no ring)
MPRegen  0.10/turn              (no ring)

@: very slightly contaminated
A: unfitting armour, cold-blooded, AC +5
a: no special abilities


You were on level 1 of the Dungeon.
You were very hungry.

You visited 1 branch of the dungeon, and saw 2 of its levels.

You collected 71 gold pieces.

Inventory:

Hand Weapons
 d - a +0 flail
Missiles
 f - 7 boomerangs (quivered)
Jewellery
 e - an uncursed ring of fire {unknown}
Scrolls
 a - a scroll of amnesia {unknown}
 g - a scroll of fog {unknown}
Potions
 c - a potion of flight {unknown}
Comestibles
 b - 3 rations


   Skills:
 - Level 1.9 Dodging
 - Level 1.8 Stealth
 + Level 2.4 Spellcasting
 + Level 1.5 Conjurations
 + Level 3.7 Fire Magic


You had 3 spell levels left.
You knew the following spells:

 Your Spells              Type           Power        Failure   Level  Hunger
a - Flame Tongue          Conj/Fire      ##...        7%          1    #......
b - Throw Flame           Conj/Fire      ##....       10%         2    ###....

Your spell library contained the following spells:

 Spells                   Type           Power        Failure   Level  Hunger
 Conjure Flame            Conj/Fire      ##......     21%         3    ###....
 Inner Flame              Hex/Fire       #.......     28%         3    ###....
 Sticky Flame             Conj/Fire      ##......     54%         4    #####..
 Fireball                 Conj/Fire      ##........   88%         5    ######.


Dungeon Overview and Level Annotations

Branches:
Dungeon (2/15)

Altars:


Innate Abilities, Weirdness & Mutations

Your plain brown scales are hard. (AC +5)
You cannot fit into any form of body armour.
You are cold-blooded and may be slowed by cold attacks.


Message History

Aim: a gnoll (moderately wounded)
You miscast Flame Tongue.
You are very lightly contaminated with residual magic.
The air around you crackles with energy!
The gnoll closely misses you.
Casting: Flame Tongue (safe; 7% risk of failure)
Confirm with . or Enter, or press ? or * to list all spells.
Aiming: Flame Tongue (safe; 7% risk of failure)
Press: ? - help, Shift-Dir - straight line, f/p - gnoll
Aim: a gnoll (moderately wounded)
The flame tongue misses the gnoll.
The gnoll barely misses you.
Casting: Flame Tongue (safe; 7% risk of failure)
Confirm with . or Enter, or press ? or * to list all spells.
Aiming: Flame Tongue (safe; 7% risk of failure)
Press: ? - help, Shift-Dir - straight line, f/p - gnoll
Aim: a gnoll (moderately wounded)
The flame tongue hits the gnoll.
The gnoll is heavily wounded.
The gnoll hits you.
You die...

#.## ##'## #.#..##.#. #..#
##...## #.#..##.#. ##.##
##.....## #......... #..##
##.......## ###.######
#####...####.........####...##
...........'.........+.......#
###.....####.........###.....#
#....## ##..g....## #.....#
#...## ##..@..## ##....# ##.##
##...## ####.# #.# ##'## #.#
##.### #.# #.# #....# #.# #.#
#..#.# ##.## #.# #..#.#
##...##########.# #..#.#####
#...............# #...)....#
##...############


You could see a gnoll.

Vanquished Creatures
  A gnoll (D:1)
  An adder (D:1)
  A dart slug (D:1)
  A leopard gecko (D:1)
  2 giant cockroaches (D:1)
  2 goblins (D:1)
  3 hobgoblins (D:1)
  4 ball pythons (D:1)
  2 frilled lizards (D:1)
  A kobold (D:1)
  2 rats (D:1)
20 creatures vanquished.

Notes
Turn   | Place    | Note
-------+----------+-------------------------------------------
     0 | D:1      | AlterAsc the Draconian Fire Elementalist began the quest
                  | for the Orb.
     0 | D:1      | Reached XP level 1. HP: 14/14 MP: 3/3
   221 | D:1      | Reached XP level 2. HP: 18/20 MP: 0/5
   441 | D:1      | Learned a level 2 spell: Throw Flame
  1160 | D:1      | Reached XP level 3. HP: 3/26 MP: 0/6
  1445 | D:1      | Slain by a gnoll

Levels and vault maps discovered:
D:1:      ebering_trefoil_3fold, layout_loops_corners, minmay_shallow_snake_nest
D:2:      layout_loops_cross, eat_drink_and_be_merry_uskayaw,
          kennysheep_nondescript, minmay_misc_feat_iff, uniq_robin, uniq_natasha

Action                   || total
-------------------------++-------
Melee: Unarmed           ||    18
       Tailslap          ||     2
 Cast: Flame Tongue      ||    48
  Use: Potion            ||     1
  Eat: Chunk             ||     1
Armor: Skin              ||    15
Dodge: Dodged            ||    33
